| TOP OF THE 1ST |
|
Albuquerque Dukes batting - Pitching for Memphis Blues : RHP John Beckwith
|
|
Pitching: RHP John Beckwith
|
|
|
Batting: RHB Aaron Cain
|
0-0: Ball 1-0: Called Strike 1-1: Called Strike 1-2: Ball 2-2: Ball 3-2: Foul Ball, location: 2F 3-2: Base on Balls
|
|
Batting: RHB Edward Gates
|
0-0: Ball Aaron Cain steals 2nd base 1-0: Ground out 4-3 (Groundball, 4, EV 86.9 MPH) Aaron Cain to third
|
|
Batting: LHB Dave Yobs
|
0-0: SINGLE (Groundball, 13S, EV 73.8 MPH) (infield hit)
|
|
Batting: RHB George Foussianes
|
0-0: Ball 1-0: Called Strike Pickoff Throw to First - Out! 1-3 1-1: Called Strike 1-2: Ground out 2-3 (Groundball, 13S, EV 60.0 MPH)
|
| Top of the 1st over - 0 runs, 1 hit, 0 errors, 1 left on base; Albuquerque 0 - Memphis 0 |
| BOTTOM OF THE 1ST |
|
Memphis Blues batting - Pitching for Albuquerque Dukes : RHP Rafaele Cerretti
|
|
Pitching: RHP Rafaele Cerretti
|
|
|
Batting: RHB Mariano Duncan
|
0-0: Called Strike 0-1: Swinging Strike 0-2: Ball 1-2: Ball 2-2: Strikes out looking
|
|
Batting: RHB Augustine Garrett
|
0-0: Called Strike 0-1: Fly out, F8 (Flyball, 8RS, EV 91.3 MPH)
|
|
Batting: LHB David Christianson
|
0-0: Ground out 4-3 (Groundball, 4S, EV 89.4 MPH)
|
| Bottom of the 1st over - 0 runs, 0 hits, 0 errors, 0 left on base; Albuquerque 0 - Memphis 0 |
| TOP OF THE 2ND |
|
Albuquerque Dukes batting - Pitching for Memphis Blues : RHP John Beckwith
|
|
Batting: LHB Andres Romero
|
0-0: Fly out, F8 (Flyball, 8LD, EV 103.1 MPH)
|
|
Batting: RHB James Oros
|
0-0: Ball 1-0: Ball 2-0: Ball 3-0: Called Strike 3-1: Base on Balls
|
|
Batting: LHB Matthew Henderson
|
0-0: Called Strike James Oros steals 2nd base 0-1: Ball 1-1: Ball 2-1: Ball 3-1: Fly out, F9 (Line Drive, 9S, EV 88.1 MPH)
|
|
Batting: RHB Mark Maher
|
0-0: Ball 1-0: Foul Ball, location: 2F 1-1: Ball 2-1: Ball 3-1: Base on Balls
|
|
Batting: RHB Kevin Harvey
|
0-0: Ball 1-0: Swinging Strike 1-1: Ground out 5-3 (Groundball, 5S, EV 85.6 MPH)
|
| Top of the 2nd over - 0 runs, 0 hits, 0 errors, 2 left on base; Albuquerque 0 - Memphis 0 |
| BOTTOM OF THE 2ND |
|
Memphis Blues batting - Pitching for Albuquerque Dukes : RHP Rafaele Cerretti
|
|
Batting: RHB Chris James
|
0-0: Ground out 6-3 (Groundball, 6, EV 83.8 MPH)
|
|
Batting: RHB Randy Filkins
|
0-0: Called Strike 0-1: Foul Ball, location: 2F 0-2: Foul Ball, location: 2F 0-2: Foul Ball, location: 2F 0-2: Strikes out looking
|
|
Batting: LHB Don Jacoby
|
0-0: Called Strike 0-1: Ball 1-1: Foul Ball, location: 2F 1-2: Foul Ball, location: 2F 1-2: Ball 2-2: Fly out, F9 (Flyball, 89S, EV 85.0 MPH)
|
| Bottom of the 2nd over - 0 runs, 0 hits, 0 errors, 0 left on base; Albuquerque 0 - Memphis 0 |
| TOP OF THE 3RD |
|
Albuquerque Dukes batting - Pitching for Memphis Blues : RHP John Beckwith
|
|
Batting: RHB Aaron Cain
|
0-0: Ball 1-0: Swinging Strike 1-1: Ball 2-1: Ground out 3-1 (Groundball, 34, EV 98.8 MPH)
|
|
Batting: RHB Edward Gates
|
0-0: Hit by Pitch
|
|
Batting: LHB Dave Yobs
|
0-0: Grounds into double play, 5-4-3 (Groundball, 5L, EV 78.8 MPH)
|
| Top of the 3rd over - 0 runs, 0 hits, 0 errors, 0 left on base; Albuquerque 0 - Memphis 0 |
| BOTTOM OF THE 3RD |
|
Memphis Blues batting - Pitching for Albuquerque Dukes : RHP Rafaele Cerretti
|
|
Batting: RHB Dave Penniall
|
0-0: Ball 1-0: Ground out 4-3 (Groundball, 4, EV 84.4 MPH)
|
|
Batting: RHB Bradley Shames
|
0-0: Ball 1-0: Called Strike 1-1: Called Strike 1-2: Strikes out looking
|
|
Batting: RHB William Muth
|
0-0: Foul Ball, location: 2F 0-1: Ground out U3 (Groundball, 3, EV 86.9 MPH)
|
| Bottom of the 3rd over - 0 runs, 0 hits, 0 errors, 0 left on base; Albuquerque 0 - Memphis 0 |
| TOP OF THE 4TH |
|
Albuquerque Dukes batting - Pitching for Memphis Blues : RHP John Beckwith
|
|
Batting: RHB George Foussianes
|
0-0: Ball 1-0: Ball 2-0: Called Strike 2-1: Ball 3-1: Base on Balls
|
|
Batting: LHB Andres Romero
|
0-0: Called Strike 0-1: Called Strike 0-2: Strikes out swinging
|
|
Batting: RHB James Oros
|
0-0: Called Strike 0-1: Foul Ball, location: 2F 0-2: Grounds into double play, 6-4-3 (Groundball, 6, EV 84.4 MPH)
|
| Top of the 4th over - 0 runs, 0 hits, 0 errors, 0 left on base; Albuquerque 0 - Memphis 0 |
| BOTTOM OF THE 4TH |
|
Memphis Blues batting - Pitching for Albuquerque Dukes : RHP Rafaele Cerretti
|
|
Batting: RHB Mariano Duncan
|
0-0: Called Strike 0-1: Swinging Strike 0-2: Ball 1-2: Fly out, F8 (Flyball, 8LM, EV 96.3 MPH)
|
|
Batting: RHB Augustine Garrett
|
0-0: Foul Ball, location: 2F 0-1: Ball 1-1: Fly out, F8 (Flyball, 8LM, EV 90.6 MPH)
|
|
Batting: LHB David Christianson
|
0-0: Foul Ball, location: 2F 0-1: Ground out 3-1 (Groundball, 34, EV 78.1 MPH)
|
| Bottom of the 4th over - 0 runs, 0 hits, 0 errors, 0 left on base; Albuquerque 0 - Memphis 0 |
| TOP OF THE 5TH |
|
Albuquerque Dukes batting - Pitching for Memphis Blues : RHP John Beckwith
|
|
Batting: LHB Matthew Henderson
|
0-0: Fly out, F8 (Flyball, 8LXD, EV 95.6 MPH)
|
|
Batting: RHB Mark Maher
|
0-0: DOUBLE (Line Drive, 89XD, EV 106.9 MPH)
|
|
Batting: RHB Kevin Harvey
|
0-0: Called Strike 0-1: Ball 1-1: Ball 2-1: Foul Ball, location: 2F 2-2: Ground out 4-3 (Groundball, 4, EV 78.8 MPH) Mark Maher to third
|
|
Batting: RHB Aaron Cain
|
0-0: Ball 1-0: Ball 2-0: Ground out 4-3 (Groundball, 4, EV 93.8 MPH)
|
| Top of the 5th over - 0 runs, 1 hit, 0 errors, 1 left on base; Albuquerque 0 - Memphis 0 |
| BOTTOM OF THE 5TH |
|
Memphis Blues batting - Pitching for Albuquerque Dukes : RHP Rafaele Cerretti
|
|
Batting: RHB Chris James
|
0-0: SINGLE (Line Drive, 78S, EV 103.1 MPH)
|
|
Batting: RHB Randy Filkins
|
0-0: Ball 1-0: Foul Ball, location: 2F 1-1: Ball 2-1: DOUBLE (Flyball, 89D, EV 110.6 MPH) Chris James to third
|
|
Batting: LHB Don Jacoby
|
0-0: Ground out U3 (Groundball, 3, EV 79.4 MPH)
|
|
Batting: RHB Dave Penniall
|
0-0: Ball 1-0: Ball 2-0: Swinging Strike 2-1: Foul Ball, location: 2F 2-2: Ground out 5-3 (Groundball, 56, EV 88.1 MPH) Chris James scores
|
|
Batting: RHB Bradley Shames
|
0-0: Called Strike 0-1: Foul Ball, location: 2F 0-2: Fly out, F8 (Line Drive, 8RD, EV 85.6 MPH)
|
| Bottom of the 5th over - 1 run, 2 hits, 0 errors, 1 left on base; Albuquerque 0 - Memphis 1 |
| TOP OF THE 6TH |
|
Albuquerque Dukes batting - Pitching for Memphis Blues : RHP John Beckwith
|
|
Batting: RHB Edward Gates
|
0-0: Called Strike 0-1: Ground out 4-3 (Groundball, 4, EV 78.8 MPH)
|
|
Batting: LHB Dave Yobs
|
0-0: SINGLE (Flyball, 8LS, EV 95.0 MPH)
|
|
Batting: RHB George Foussianes
|
0-0: Called Strike 0-1: Ball 1-1: Ball 2-1: Fly out, F7 (Flyball, 78D, EV 98.8 MPH)
|
|
Batting: LHB Andres Romero
|
0-0: TRIPLE (Flyball, 89XD, EV 106.9 MPH) Dave Yobs scores
|
|
Batting: RHB James Oros
|
0-0: Called Strike 0-1: Ball 1-1: Ball 2-1: SINGLE (Groundball, 56D, EV 106.3 MPH) Andres Romero scores
|
|
Pitching: RHP Mark Humphrey
|
|
|
Batting: LHB Matthew Henderson
|
0-0: Swinging Strike 0-1: Foul Ball, location: 2F 0-2: Ball 1-2: Ball 2-2: Strikes out swinging
|
| Top of the 6th over - 2 runs, 3 hits, 0 errors, 1 left on base; Albuquerque 2 - Memphis 1 |
| BOTTOM OF THE 6TH |
|
Memphis Blues batting - Pitching for Albuquerque Dukes : RHP Rafaele Cerretti
|
|
Batting: RHB William Muth
|
0-0: Called Strike 0-1: Ball 1-1: Fly out, F8 (Flyball, 8LXD, EV 95.0 MPH)
|
|
Batting: RHB Mariano Duncan
|
0-0: Swinging Strike 0-1: Ball 1-1: Fly out, F2 (Popup, 25F, EV 86.3 MPH)
|
|
Batting: RHB Augustine Garrett
|
0-0: Ball 1-0: Swinging Strike 1-1: Ball 2-1: Ball 3-1: Fly out, F9 (Flyball, 9, EV 85.0 MPH)
|
| Bottom of the 6th over - 0 runs, 0 hits, 0 errors, 0 left on base; Albuquerque 2 - Memphis 1 |
| TOP OF THE 7TH |
|
Albuquerque Dukes batting - Pitching for Memphis Blues : RHP Mark Humphrey
|
|
Batting: RHB Mark Maher
|
0-0: Called Strike 0-1: SINGLE (Line Drive, 6MD, EV 101.3 MPH)
|
|
Batting: RHB Kevin Harvey
|
0-0: Bunt missed! 0-1: Sac Bunt to 2L - play at first, batter OUT! 2-4 Mark Maher to second
|
|
Batting: RHB Aaron Cain
|
0-0: Ball 1-0: Swinging Strike 1-1: Ball 2-1: Called Strike 2-2: Ground out U3 (Groundball, 34S, EV 89.4 MPH) Mark Maher to third
|
|
Batting: RHB Edward Gates
|
0-0: Ball 1-0: Ball 2-0: Ball 3-0: Called Strike 3-1: Foul Ball, location: 2F 3-2: Foul Ball, location: 2F 3-2: Foul Ball, location: 2F 3-2: Foul Ball, location: 2F 3-2: Base on Balls
|
|
Batting: LHB Dave Yobs
|
0-0: Ball 1-0: Called Strike 1-1: Ball 2-1: Ball 3-1: Fielders Choice at 2nd, 5-4 (Groundball, 56, EV 97.5 MPH)
|
| Top of the 7th over - 0 runs, 1 hit, 0 errors, 2 left on base; Albuquerque 2 - Memphis 1 |
| BOTTOM OF THE 7TH |
|
Memphis Blues batting - Pitching for Albuquerque Dukes : RHP Rafaele Cerretti
|
|
Batting: LHB David Christianson
|
0-0: Ball 1-0: Ball 2-0: Called Strike 2-1: Ball 3-1: Base on Balls
|
|
Batting: RHB Chris James
|
0-0: Fielders Choice at 2nd, 4-6 (Groundball, 34, EV 106.3 MPH)
|
|
Batting: RHB Randy Filkins
|
0-0: Fielders Choice at 2nd, 3-6 (Groundball, 34S, EV 85.0 MPH)
|
|
Batting: LHB Don Jacoby
|
0-0: Ball 1-0: Called Strike 1-1: Foul Ball, location: 2F 1-2: Strikes out swinging, 2-3 out at first.
|
| Bottom of the 7th over - 0 runs, 0 hits, 0 errors, 1 left on base; Albuquerque 2 - Memphis 1 |
| TOP OF THE 8TH |
|
Albuquerque Dukes batting - Pitching for Memphis Blues : RHP Mark Humphrey
|
|
Batting: RHB George Foussianes
|
0-0: Foul Ball, location: 2F 0-1: Ball 1-1: SINGLE (Flyball, 8LS, EV 93.8 MPH) - OUT at second base trying to stretch hit.
|
|
Batting: LHB Andres Romero
|
0-0: Ball 1-0: Fly out, F8 (Flyball, 8LXD, EV 101.9 MPH)
|
|
Batting: RHB James Oros
|
0-0: Ball 1-0: Swinging Strike 1-1: Ball 2-1: Foul Ball, location: 2F 2-2: Foul Ball, location: 2F 2-2: Ball 3-2: Fly out, F9 (Flyball, 9D, EV 98.8 MPH)
|
| Top of the 8th over - 0 runs, 1 hit, 0 errors, 0 left on base; Albuquerque 2 - Memphis 1 |
| BOTTOM OF THE 8TH |
|
Memphis Blues batting - Pitching for Albuquerque Dukes : RHP Rafaele Cerretti
|
|
Batting: RHB Dave Penniall
|
0-0: Ball 1-0: Fly out, F4 (Popup, 34S, EV 71.9 MPH)
|
|
Batting: RHB Bradley Shames
|
0-0: Fly out, F6 (Line Drive, 6, EV 71.3 MPH)
|
|
Batting: RHB William Muth
|
0-0: Ball 1-0: SINGLE (Groundball, 6MD, EV 100.6 MPH)
|
|
Batting: RHB Mariano Duncan
|
0-0: Ball 1-0: Called Strike 1-1: Fly out, F8 (Flyball, 8LM, EV 88.1 MPH)
|
| Bottom of the 8th over - 0 runs, 1 hit, 0 errors, 1 left on base; Albuquerque 2 - Memphis 1 |
| TOP OF THE 9TH |
|
Albuquerque Dukes batting - Pitching for Memphis Blues : RHP Mark Humphrey
|
|
Pitching: RHP Anthony Threatt
|
|
|
Batting: LHB Matthew Henderson
|
0-0: Ball 1-0: Ball 2-0: Ball 3-0: Called Strike 3-1: Called Strike 3-2: Strikes out swinging
|
|
Batting: RHB Mark Maher
|
0-0: Swinging Strike 0-1: Called Strike 0-2: Ball 1-2: Strikes out swinging
|
|
Batting: RHB Kevin Harvey
|
0-0: Ball 1-0: Foul Ball, location: 2F 1-1: Fly out, F5 (Flyball, 5D, EV 92.5 MPH)
|
| Top of the 9th over - 0 runs, 0 hits, 0 errors, 0 left on base; Albuquerque 2 - Memphis 1 |
| BOTTOM OF THE 9TH |
|
Memphis Blues batting - Pitching for Albuquerque Dukes : RHP Rafaele Cerretti
|
|
Pitching: RHP James Quinn
|
|
|
Now in RF: Rodney Kemp
|
|
|
Pinch Hitting: SHB Darrell Brown
|
0-0: Ball 1-0: Ball 2-0: Called Strike 2-1: Ball 3-1: Foul Ball, location: 2F 3-2: Foul Ball, location: 2F 3-2: Base on Balls
|
|
Batting: LHB David Christianson
|
0-0: Grounds into double play, 4-6-3 (Groundball, 34, EV 110.6 MPH)
|
|
Batting: RHB Chris James
|
0-0: Ball 1-0: Called Strike 1-1: Ball 2-1: Ball 3-1: Ground out 6-3 (Groundball, 56S, EV 66.3 MPH)
|
| Bottom of the 9th over - 0 runs, 0 hits, 0 errors, 0 left on base; Albuquerque 2 - Memphis 1 |
|